 Dungeon Sprint DCSS version 0.20.1-1-g8b1a95d (console) character file.

84 hilaritas the Ruffian (level 4, -7/44 HPs)
             Began as a Troll Fighter on Aug 25, 2017.
             Was a Believer of Uskayaw.
             Mangled by an ogre
             ... wielding a +0 giant club
              (23 damage)
             ... in the Dungeon (Sprint IX: "|||||||||||||||||||||||||||||").
             The game lasted 00:01:21 (147 turns).

hilaritas the Ruffian (Troll Fighter)                Turns: 147, Time: 00:01:22

Health: -7/44      AC:  6    Str: 24    XL:     4   Next: 24%
Magic:  2/4        EV:  9    Int: 11    God:    Uskayaw [**....]
Gold:   0          SH:  9    Dex:  9    Spells: 3/3 levels left

rFire    . . .     SeeInvis .     - Unarmed
rCold    . . .     Gourm    +   b - +0 shield
rNeg     . . .     Faith    .   a - +0 robe
rPois    .         Spirit   .   (helmet restricted)
rElec    .         Reflect  .   q - +0 cloak
rCorr    .         Harm     .   (gloves unavailable)
MR       .....     NoTele   +   (boots unavailable)
Stlth    +.........             (no amulet)
Regen    0.6/turn               r - +3 ring of intelligence
MPRegen  0.1/turn               s - +3 ring of intelligence

@: no status effects
A: unfitting armour, claws 3, fast metabolism 3, gourmand, regeneration 1,
shaggy fur 1, tough skin 2
a: Stomp, Line Pass, Renounce Religion


You were in the Dungeon.
You worshipped Uskayaw.
Uskayaw was noncommittal.
You were completely stuffed.

You visited 1 branch

Inventory:

Hand Weapons
 l - a cursed -2 club
Armour
 a - a +0 robe (worn)
 b - a +0 shield (worn)
 q - a +0 cloak (worn)
Jewellery
 r - a +3 ring of intelligence (left claw)
 s - a +3 ring of intelligence (right claw)
Wands
 p - a wand of iceblast (7/15)
Scrolls
 j - 2 scrolls of blinking
 n - 3 scrolls of remove curse
 o - 2 scrolls of amnesia
Potions
 c - a potion of might
 e - 5 potions of curing
 f - 3 potions of heal wounds
 g - a potion of haste
 h - 4 potions of magic
 i - a potion of berserk rage
 m - a potion of invisibility
Comestibles
 d - 2 bread rations


   Skills:
 - Level 2.4 Fighting
 - Level 2.4 Dodging
 + Level 5.2 Shields
 * Level 6.1 Unarmed Combat
 * Level 1.6 Invocations


You had 3 spell levels left.
You didn't know any spells.

Dungeon Overview and Level Annotations

Branches:
Dungeon (1/1)

Altars:
Cheibriados
Dithmenos
Elyvilon
Fedhas
Gozag
Hepliaklqana
Kikubaaqudgha
Makhleb
Nemelex Xobeh
Okawaru
Qazlal
Ru
Sif Muna
Trog
Uskayaw
Vehumet
Xom
Yredelemnul
Zin
The Shining One
Beogh
Jiyva
Lugonu


Innate Abilities, Weirdness & Mutations

You are too large for most types of armour.
You have claws for hands.
Your metabolism is lightning-fast.
You like to eat raw meat.
Your natural rate of healing is unusually fast.
You are covered in fur. (AC +1)
You have very tough skin. (AC +2)


Message History

You claw the hound!
You kill the hound!
Your Shields skill increases to level 5!
Your Unarmed Combat skill increases to level 6!
Your Invocations skill increases to level 1!
You have reached level 4!
The ogre hits you with a giant club!!
Ouch! That really hurt!
You can now stomp with the beat.
You claw the ogre!
The ogre is heavily wounded.
You can now pass through a line of other dancers.
You closely miss the ogre.
The ogre is heavily wounded.
You block the ogre's attack.
You barely miss the ogre.
The ogre is heavily wounded.
The ogre hits you with a giant club!!
Ouch! That really hurt!
You die... ▓▓▓▓▓▓▓▓▓▓▓▓▓▓▓▓▓▓▓▓▓▓▓▓ ..FoSKO@.[[.)|..'____.__ ▓▓▓▓▓▓▓▓▓▓▓▓▓▓▓▓▓▓▓▓▓▓▓▓

You could see a big kobold, an ogre, a bullfrog, an adder and an orc.

Vanquished Creatures
  A hound (D)
  An orc wizard (D)
  2 adders (D)
  An orc (D)
  A hobgoblin (D)
  A bat (D)
  A frilled lizard (D)
  A jackal zombie (D)
  A kobold (D)
  A rat (D)
11 creatures vanquished.

Vanquished Creatures (others)
  A spatial maelstrom (D)
1 creature vanquished.

Grand Total: 12 creatures vanquished

Notes
Turn   | Place    | Note
-------+----------+-------------------------------------------
     0 | D        | hilaritas the Troll Fighter began the quest for the Orb.
     0 | D        | Reached XP level 1. HP: 22/22 MP: 0/0
     4 | D        | Banished a spatial maelstrom
    30 | D        | Noticed an orc wizard
    36 | D        | Killed an orc wizard
    36 | D        | Reached skill level 4 in Unarmed Combat
    36 | D        | Reached XP level 2. HP: 14/29 MP: 1/1
    36 | D        | Reached XP level 3. HP: 18/36 MP: 2/2
    37 | D        | Reached skill level 5 in Unarmed Combat
    84 | D        | Found a roughly hewn altar of Beogh.
    84 | D        | Found a snail-covered altar of Cheibriados.
    84 | D        | Found a shadowy altar of Dithmenos.
    84 | D        | Found a white marble altar of Elyvilon.
    84 | D        | Found a blossoming altar of Fedhas.
    84 | D        | Found an opulent altar of Gozag.
    85 | D        | Found a hazy altar of Hepliaklqana.
    86 | D        | Found a viscous altar of Jiyva.
    87 | D        | Found an ancient bone altar of Kikubaaqudgha.
    88 | D        | Found a corrupted altar of Lugonu.
    89 | D        | Found a burning altar of Makhleb.
    90 | D        | Found a sparkling altar of Nemelex Xobeh.
    91 | D        | Found an iron altar of Okawaru.
    92 | D        | Found a stormy altar of Qazlal.
    93 | D        | Found a sacrificial altar of Ru.
    94 | D        | Found a deep blue altar of Sif Muna.
    95 | D        | Found a bloodstained altar of Trog.
    96 | D        | Found a hide-covered altar of Uskayaw.
    97 | D        | Found a radiant altar of Vehumet.
    99 | D        | Found a shimmering altar of Xom.
   100 | D        | Found a basalt altar of Yredelemnul.
   101 | D        | Found a glowing silver altar of Zin.
   102 | D        | Found a glowing golden altar of the Shining One.
   104 | D        | Became a worshipper of Uskayaw the Reveler
   136 | D        | Noticed a bullfrog
   136 | D        | Noticed a big kobold
   136 | D        | Noticed an ogre
   144 | D        | Reached skill level 5 in Shields
   144 | D        | Reached skill level 6 in Unarmed Combat
   144 | D        | Reached skill level 1 in Invocations
   144 | D        | Reached XP level 4. HP: 36/44 MP: 2/4
   144 | D        | Reached * piety under Uskayaw
   145 | D        | Reached ** piety under Uskayaw
   147 | D        | Mangled by an ogre

Skill      XL: |  1  2  3 |
---------------+----------+-----
Shields        | 4 5 |  5.2
Unarmed Combat | 4 6 |  6.1
Invocations    | 1 |  1.6
Fighting       | |  2.4
Dodging        | |  2.4

Action                   |  1- 3 |  4- 6 || total
-------------------------+-------+-------++-------
Melee: Unarmed           |    37 |     3 ||    40
  Eat: Chunk             |     7 |       ||     7
Armor: Robe              |     9 |       ||     9
Dodge: Dodged            |    11 |       ||    11
Block: Shield            |    10 |     1 ||    11
